 Dungeon Crawl Stone Soup version 0.29-a0-321-gf1c400731a (webtiles) character file.

Game seed: 7540781473828225529

122 dolemite99 the Slasher (level 4, -14/39 HPs)
             Began as a Minotaur Monk on Apr 3, 2022.
             Was an Initiate of Gozag.
             Demolished by an ogre
             ... wielding a +0 giant club
              (21 damage)
             ... on level 4 of the Dungeon.
             The game lasted 00:02:49 (2732 turns).

dolemite99 the Slasher (Minotaur Monk)              Turns: 2732, Time: 00:02:49

Health: -14/39     AC: 13    Str: 18    XL:     4   Next: 78%
Magic:  3/3        EV:  1    Int:  7    God:    Gozag
Gold:   128        SH:  0    Dex: 12    Spells: 3/3 levels left

rFire   + . .      SeeInvis .   a - +0 falchion
rCold   + . .      Faith    .   (no shield)
rNeg    . . .      Spirit   .   q - +0 gold dragon scales
rPois   +          Reflect  .   (helmet restricted)
rElec   .          Harm     .   u - +0 cloak
rCorr   .          Rampage  .   (no gloves)
Will    .....                   (no boots)
Stlth   ..........              (no amulet)
HPRegen 0.13/turn               (no ring)
MPRegen 0.08/turn               (no ring)

@: gold aura
A: horns 2, retaliatory headbutt
a: Renounce Religion, Potion Petition, Call Merchant, Bribe Branch


You were on level 4 of the Dungeon.
You worshipped Gozag.
Gozag was aware of your devotion.
You visited 1 branch of the dungeon, and saw 4 of its levels.

You collected 156 gold pieces.
You spent 28 gold pieces at shops.

Inventory:

Hand Weapons
 a - a +0 falchion (weapon)
 t - the +4 mace "Kefryov" {drain, rC+ Dex+4}
   (You found it on level 2 of the Dungeon)

   A truly terrible weapon, it drains the life of any living foe it strikes.
   Dex:       It affects your dexterity (+4).
   rC:        It protects you from cold.
Missiles
 j - 79 stones (quivered)
 k - 11 poisoned darts
Armour
 b - a +0 robe
 f - a +0 ring mail
 l - a +0 plate armour
 q - +0 gold dragon scales (worn)
 u - a +0 cloak (worn)
Jewellery
 r - an amulet of the acrobat
Wands
 s - a wand of digging (4)
 C - a wand of iceblast (8)
Scrolls
 d - 3 scrolls of immolation {unknown}
 h - a scroll of magic mapping {unknown}
 i - 2 scrolls of fog
 m - 2 scrolls of vulnerability {unknown}
 o - a scroll of summoning {unknown}
 p - 3 scrolls of identify {unknown}
 v - 2 scrolls of teleportation {unknown}
 x - a scroll of brand weapon {unknown}
 y - 2 scrolls of fear {unknown}
 z - a scroll of silence {unknown}
Potions
 c - a potion of ambrosia
 e - a potion of degeneration {unknown}
 n - a potion of resistance {unknown}
 w - a potion of mutation {unknown}
 A - a potion of might {unknown}
 B - a potion of brilliance {unknown}


   Skills:
 - Level 3.6 Fighting
 + Level 6.7 Long Blades
 - Level 3.2 Dodging
 - Level 1.5 Stealth


You had 3 spell levels left.
You didn't know any spells.
Your spell library contained the following spells:

 Spells                   Type           Power      Damage    Failure   Level
 Blink                    Tloc           0%         N/A       100%        2
 Lesser Beckoning         Tloc           0%         N/A       100%        3
 Tukima's Dance           Hex            0%         N/A       100%        3
 Anguish                  Hex/Necr       0%         N/A       100%        4
 Manifold Assault         Tloc           0%         N/A       100%        5
 Enfeeble                 Hex            0%         N/A       100%        7


Dungeon Overview and Level Annotations

Branches:
Dungeon (4/15)
 Temple: D:4-7

Altars:
Elyvilon
Gozag

Shops:
D:2 *


Innate Abilities, Weirdness & Mutations

You have a pair of horns on your head.
You reflexively headbutt those who attack you in melee.


Message History

The endoplasm hits you but does no damage.
The ogre barely misses you. You furiously retaliate!
You headbutt the ogre. The orc attacks as you move away!
The orc hits you with a +0 dagger.
* * * LOW HITPOINT WARNING * * *
The endoplasm hits you.
* * * LOW HITPOINT WARNING * * *
The endoplasm attacks as you move away! The endoplasm hits you.
* * * LOW HITPOINT WARNING * * *
The orc attacks as you move away! The orc hits you but does no damage.
It was a potion of curing.
You feel better. The orc completely misses you. You furiously retaliate!
You headbutt the orc.
You kill the orc!
The endoplasm jiggles.
The endoplasm freezes you.
You are frozen.
You resist.
You feel better. The ogre hits you but does no damage.
The endoplasm is distracted by your dazzling golden aura.
The endoplasm quivers.
You barely miss the ogre. You headbutt the ogre.
The ogre is lightly wounded.
The ogre hits you with a +0 giant club.
You hit the ogre but do no damage. Your headbutt misses the ogre.
The ogre is lightly wounded.
The endoplasm is no longer distracted by gold.
The endoplasm freezes you.
You are frozen.
You resist.
You hit the ogre but do no damage.
The ogre is lightly wounded.
The ogre hits you with a +0 giant club!
* * * LOW HITPOINT WARNING * * *
The endoplasm hits you but does no damage.
You barely miss the ogre. You headbutt the ogre.
The ogre is moderately wounded.
The endoplasm freezes you.
You are frozen.
You resist.
* * * LOW HITPOINT WARNING * * *
The ogre hits you with a +0 giant club!!
Ouch! That really hurt!
You die...
Your body crumbles into a pile of gold.

###>#.#S#.#....
............. #.#.#(#.#..
...§§...####
..#.#§#§#§#...#
.....§§§§§§...#
###.#§#§#§#...#
.....§§§SOJ...#
......§§§#@...########
.........#....##.....#
.........#...........#
....#+####...........#
#####................#
#....##+###########
#....#......#.....##
#....#......#......#
########'##......#......#


You could see an ogre, an adder and an endoplasm.

Vanquished Creatures
  Crazy Yiuf (D:2)
  3 adders
  3 worms
  2 dart slugs
  An orc (D:4)
  3 bats
  5 endoplasms
  3 giant cockroaches
  3 goblins
  2 hobgoblins
  3 jackals (D:1)
  4 quokkas
  6 ball pythons
  5 frilled lizards
  5 kobolds
  4 rats (D:1)
53 creatures vanquished.

Notes
Turn   | Place    | Note
-------+----------+-------------------------------------------
     0 | D:1      | dolemite99 the Minotaur Monk began the quest for the Orb.
     0 | D:1      | Reached XP level 1. HP: 19/19 MP: 0/0
    71 | D:1      | Reached skill level 4 in Long Blades
   149 | D:1      | Reached XP level 2. HP: 23/26 MP: 1/1
   539 | D:2      | Found a runed translucent door.
   540 | D:2      | Noticed Crazy Yiuf
   674 | D:2      | Reached skill level 5 in Long Blades
   750 | D:2      | Found Komyse's Assorted Antiques.
   753 | D:2      | Bought a brown potion for 28 gold pieces
   824 | D:2      | Reached XP level 3. HP: 22/31 MP: 2/2
  1424 | D:2      | Killed Crazy Yiuf
  1425 | D:2      | Reached skill level 6 in Long Blades
  1425 | D:2      | Reached XP level 4. HP: 24/39 MP: 3/3
  1429 | D:2      | Identified the +4 mace "Kefryov" {drain, rC+ Dex+4}
  2078 | D:3      | Found a white marble altar of Elyvilon.
  2193 | D:3      | Found an opulent altar of Gozag.
  2231 | D:3      | Became a worshipper of Gozag Ym Sagoz the Greedy
  2716 | D:4      | Noticed an ogre
  2732 | D:4      | Demolished by an ogre

Illustrated notes

Levels and vault maps discovered:
D:1:      dpeg_arrival_line_fractal, layout_rooms, hex_tiny
D:2:      layout_rooms, serial_shops, nicolae_shop_behind_doors,
          uniq_crazy_yiuf_cottage
D:3:      layout_basic, mainiacjoe_overflow_boulevard, elyvilon_altar_1,
          minmay_misc_feat_alley
D:4:      layout_gridville, serial_shops, nicolae_shop_statue_plus, st_stairs_9,
          bh_walls_and_bars

Skill      XL: |  1  2  3 |
---------------+----------+-----
Long Blades    | 4 5 6 |  6.7
Fighting       | |  3.6
Dodging        | |  3.2
Stealth        | |  1.5

Action                   |  1- 3 |  4- 6 || total
-------------------------+-------+-------++-------
Melee: Falchion          |    64 |    65 ||   129
       Headbutt          |    15 |    13 ||    28
       Punch             |     1 |       ||     1
Throw: Stone             |    42 |    27 ||    69
  Use: Potion            |       |     2 ||     2
       Scroll            |       |     1 ||     1
Armor: Robe              |     3 |       ||     3
       Ring mail         |     9 |       ||     9
       Plate armour      |    11 |       ||    11
       Gold dragon scale |     7 |    60 ||    67
Dodge: Dodged            |    24 |     5 ||    29

Table legend: (Time is in decaauts)
 A = Elapsed time spent in this place.
 B = Non-inter-level travel time spent in this place.
 C = Inter-level travel time spent in this place.
 D = Time resting spent in this place.
 E = Time spent auto-exploring this place.
 F = Levels seen in this place.
 G = Mean time per level.
                   A        B        C        D        E       F      G
               +--------+--------+--------+--------+--------+-----+--------+
         Total |   2751 |   2637 |    114 |    289 |   1723 |   4 |  687.8 |
       Dungeon |   2751 |   2637 |    114 |    289 |   1723 |   4 |  687.8 |
               +--------+--------+--------+--------+--------+-----+--------+

Top non-repeatable levels by time:
     D:2: 1258 daAuts
     D:3: 834 daAuts
     D:1: 518 daAuts
     D:4: 139 daAuts
